 Dungeon Crawl Stone Soup version 0.31-a0-702-gf82c85558f (webtiles) character file.

Game seed: 6769528977819854272

396 qw the Shooter (level 6, 0/38 HPs)
             Began as a Gargoyle Hunter on Sept 8, 2023.
             Slain by a gnoll
             ... wielding a +0 halberd
              (12 damage)
             ... on level 4 of the Dungeon.
             The game lasted 00:01:13 (2858 turns).

qw the Shooter (Gargoyle Hunter)                    Turns: 2858, Time: 00:01:14

Health: 0/38       AC:  9    Str: 15    XL:     6   Next: 82%
Magic:  6/6        EV: 11    Int:  9    God:
Gold:   83         SH:  0    Dex: 15    Spells: 5/5 levels left

rFire   . . .        Y - +0 shortbow
rCold   . . .        (shield currently unavailable)
rNeg    + + .        f - +0 ring mail
rPois   inf          (no helmet)
rElec   +            (no cloak)
rCorr   .            (no gloves)
SInv    .            (no boots)
Will    .....        (no amulet)
Stlth   +            b - ring of positive energy
HPRegen 0.26/turn    (no ring)
MPRegen 0.10/turn

%: no passive effects
@: no status effects
A: sickness immunity, AC +4, negative energy resistance 1, electricity
resistance, torment resistance 1, petrification resistance
a: no special abilities


You were on level 4 of the Dungeon.
You visited 1 branch of the dungeon, and saw 4 of its levels.

You collected 181 gold pieces.
You spent 98 gold pieces at shops.


Innate Abilities, Weirdness & Mutations

You are immune to sickness and miasma.
Your stone body is resilient. (AC +4)
You are immune to poison.
You resist negative energy. (rN+)
You are resistant to electric shocks. (rElec)
You are resistant to unholy torment.
You are immune to petrification.


   Skills:
 - Level 4.3 Fighting
 + Level 7.0 Ranged Weapons
 - Level 1.0 Armour
 - Level 1.5 Dodging
 - Level 1.1 Stealth


You had 5 spell levels left.
You didn't know any spells.
Your spell library was empty.

Inventory:

Hand Weapons
 Y - a +0 shortbow (weapon)
Armour
 f - a +0 ring mail (worn)
Jewellery
 b - a ring of positive energy (left hand)
Scrolls
 h - a scroll of identify
 i - a scroll of teleportation
Potions
 a - a potion of lignification {unknown}
 d - a potion of enlightenment
 e - a potion of attraction {unknown}
 g - a potion of curing

Dungeon Overview and Level Annotations

Branches:
Dungeon (4/15)
 Temple: D:4-7

Altars:

Shops:
D:1 =   D:2 ?


Message History

The gnoll hits you from afar with a +0 halberd!
The hound bites you but does no damage.
You shoot an arrow. The arrow hits the hound.
The hound is heavily wounded.
The hound bites you but does no damage. The gnoll barely misses you.
The hound barely misses you.
You shoot an arrow. The arrow barely misses the hound.
The hound bites you but does no damage. The gnoll closely misses you.
The hound bites you. The gnoll closely misses you.
You shoot an arrow. The arrow barely misses the hound.
The hound bites you but does no damage. The gnoll barely misses you.
You shoot an arrow. The arrow closely misses the hound.
The hound barely misses you. x2; The gnoll closely misses you.
You shoot an arrow. The arrow hits the hound.
The hound is heavily wounded.
The hound barely misses you. The gnoll closely misses you.
The hound closely misses you.
You shoot an arrow. The arrow hits the hound!
The hound is almost dead.
The hound pauses to sniff the ground.
The hound bites you but does no damage. The gnoll closely misses you.
The hound closely misses you.
You shoot an arrow. The arrow hits the hound!
You kill the hound!
The gnoll barely misses you.
Your Ranged Weapons skill increases to level 7!
You shoot an arrow. The arrow hits the gnoll.
The gnoll is lightly wounded.
The gnoll barely misses you. The gnoll closely misses you.
You shoot an arrow. The arrow hits the gnoll.
The gnoll is heavily wounded.
The gnoll hits you from afar with a +0 halberd!
You shoot an arrow.
The arrow hits the gnoll but does no damage.
The gnoll is heavily wounded.
The gnoll barely misses you.
You shoot an arrow. The arrow hits the gnoll.
The gnoll is almost dead.
The gnoll hits you from afar with a +0 halberd!
You die...

.........#######)..####.......#.#
............##....###...).....#.)
.......####.#..#.## #.#..........
......## #......# #.#..........
#.##########...######.##..#####.#
#.# ####..............#..## #..
..###.................#.## ##.
.##...#..........####.#.# ##
.##.###.........@# #...# # ....#
#..........'g¤#..## # ....#
#..........#..#.## # ....#
#..........####.# # ....#
#...>...........# # ....#
##........P..PP.# ....#
##.....#..~.~..# ....#
#####.#.P~.~..# ##### #.#..~.~..#


You could see a gnoll.

Vanquished Creatures
  A scorpion (D:4)
  4 hounds
  6 adders
  6 gnolls
  3 ufetubi (D:4)
  7 dart slugs
  An orc (D:3)
  5 bats
  7 endoplasms
  2 giant cockroaches (D:1)
  6 goblins
  6 hobgoblins
  4 jackals
  7 kobolds
  4 quokkas
  4 ball pythons
  3 frilled lizards (D:2)
  7 rats
83 creatures vanquished.

Notes
Turn   | Place    | Note
-------+----------+-------------------------------------------
     0 | D:1      | qw the Gargoyle Hunter began the quest for the Orb.
     0 | D:1      | Reached XP level 1. HP: 12/12 MP: 1/1
     0 | D:1      | 0 ||| qw: Version: 0.3-a-76-g4403597
     0 | D:1      | 0 ||| qw: Game counter: 971
     0 | D:1      | 0 ||| qw: Melee chars always use a shield: true
     0 | D:1      | 0 ||| qw: God list: Okawaru
     0 | D:1      | 0 ||| qw: Allow faded altars: false
     0 | D:1      | 0 ||| qw: Do Orc after clearing Dungeon:15 true
     0 | D:1      | 0 ||| qw: Do second Lair branch before Depths: true
     0 | D:1      | 0 ||| qw: Lair rune preference: random
     0 | D:1      | 0 ||| qw: Goals: Normal
     0 | D:1      | 0 ||| PLANNING D:1-11
    71 | D:1      | Reached XP level 2. HP: 17/17 MP: 2/2
   237 | D:1      | Reached XP level 3. HP: 18/21 MP: 3/3
   308 | D:1      | Found Soddip's Jewellery Shoppe.
   317 | D:1      | 317 ||| SHOPLISTING ring of Viufae {Str+4 Slay+4} (1214
                  | gold, have 29).
   317 | D:1      | 317 ||| SHOPLISTING ring of willpower (325 gold, have 29).
   350 | D:1      | Reached skill level 5 in Ranged Weapons
   627 | D:1      | 627 ||| UPGRADING to +0 ring mail.
   637 | D:1      | 637 ||| DROPPING +0 leather armour.
   638 | D:1      | 638 ||| READING scroll labelled CEIV ZUWOMABB.
   652 | D:1      | 652 ||| READING scroll labelled ARERI MOUKETA.
   653 | D:1      | 653 ||| READING scroll labelled OGOAGINIZE.
   654 | D:1      | 654 ||| DROPPING scroll of butterflies.
   923 | D:2      | Reached skill level 1 in Armour
  1176 | D:2      | Reached XP level 4. HP: 27/27 MP: 4/4
  1204 | D:2      | Reached skill level 3 in Fighting
  1537 | D:2      | Found Wekameni's Magic Scroll Emporium.
  1541 | D:2      | 1541 ||| SHOPLISTING scroll of brand weapon (133 gold, have
                  | 100).
  1541 | D:2      | 1541 ||| BUYING scroll of identify (28 gold).
  1541 | D:2      | Bought a scroll of identify for 28 gold pieces
  1541 | D:2      | 1541 ||| BUYING scroll of identify (28 gold).
  1541 | D:2      | Bought a scroll of identify for 28 gold pieces
  1541 | D:2      | 1541 ||| BUYING scroll of teleportation (42 gold).
  1541 | D:2      | Bought a scroll of teleportation for 42 gold pieces
  1541 | D:2      | 1541 ||| SHOPLISTING scroll of teleportation (42 gold, have
                  | 2).
  1563 | D:2      | 1563 ||| UPGRADING to ring of positive energy.
  1564 | D:2      | 1564 ||| READING scroll labelled HURGHE DODOIPP.
  1665 | D:2      | 1665 ||| DRINKING 2 green potions.
  1666 | D:2      | 1666 ||| READING 2 scrolls of identify.
  1666 | D:2      | 1666 ||| IDENTIFYING lumpy puce potion
  1667 | D:2      | 1667 ||| DROPPING potion of brilliance.
  1785 | D:3      | 1785 ||| RETREATING.
  1790 | D:3      | Reached XP level 5. HP: 32/32 MP: 5/5
  1958 | D:3      | Reached skill level 6 in Ranged Weapons
  2286 | D:3      | 2286 ||| DRINKING 2 grey potions.
  2315 | D:4      | 2315 ||| STAIRDANCE
  2322 | D:4      | 2322 ||| STAIRDANCE
  2331 | D:4      | 2331 ||| STAIRDANCE
  2405 | D:4      | Reached XP level 6. HP: 26/38 MP: 6/6
  2490 | D:4      | 2490 ||| Stepping ~*~*~tactically~*~*~ (outnumbered).
  2491 | D:4      | 2491 ||| Stepping ~*~*~tactically~*~*~ (outnumbered).
  2493 | D:4      | 2493 ||| Stepping ~*~*~tactically~*~*~ (outnumbered).
  2855 | D:4      | Reached skill level 7 in Ranged Weapons
  2858 | D:4      | Slain by a gnoll

Levels and vault maps discovered:
D:1:      minmay_arrival_radiant_lines, layout_loops_cross, serial_shops,
          nicolae_lakefront_shop
D:2:      layout_loops_corners, serial_shops, nicolae_shop_back_alley_shop,
          minmay_tetromino_i4
D:3:      layout_basic
D:4:      layout_rooms, dreamdust_gnoll_farm

Skill      XL: |  1  2  3  4  5  6 |
---------------+-------------------+-----
Ranged Weapons | 5 6 7 |  7.0
Armour         | 1 |  1.0
Fighting       | 3 4 |  4.3
Dodging        | |  1.5
Stealth        | |  1.1

Action                     |  1- 3 |  4- 6 || total
---------------------------+-------+-------++-------
   Fire: Shortbow          |   105 |   201 ||   306
    Use: Scroll            |     3 |     2 ||     5
         Potion            |       |     2 ||     2
 Armour: Leather armour    |    16 |       ||    16
         Ring mail         |    15 |    76 ||    91
  Dodge: Dodged            |    23 |    91 ||   114

Table legend:
 A = Non-vault XP
 B = Vault XP
 C = Vault XP percentage of total XP
 D = Non-vault monster count
 E = Vault monster count
 F = Vault count percentage of total count
                 A         B        C        D         E       F
            +---------+---------+-------+---------+---------+-------
      Total |     419 |     147 |  26.0 |      74 |       9 |  10.8
            +---------+---------+-------+---------+---------+-------
        D:1 |      45 |       0 |   0.0 |      21 |       0 |   0.0
        D:2 |      75 |      19 |  20.2 |      23 |       4 |  14.8
        D:3 |     133 |       0 |   0.0 |      17 |       0 |   0.0
        D:4 |     166 |     128 |  43.5 |      13 |       5 |  27.8
            +---------+---------+-------+---------+---------+-------
